cohdb
Replays
Latest Replays
All Replays
Popular Replays
Top Player Replays
Match Explorer
How It Works
Community
CoH3 Stats
Reddit
Sign in to upload your games and track your stats! →
Sign in with Steam
Match 44754451
Unlisted
Match 44754451
Overview
Messages
Build Orders
End
Panzergrenadier Squad
Panzergrenadier Squad
Panzerpioneer Squad
Construct Light Support Kompanie
Fire Support Elements
Panzerpioneer Squad
Veteran Squad Leaders
Flakvierling Half-track
Selects Italian Infantry
Selects Defensive Operations
Pak 38 Anti-tank Gun Team
2.5-tonne Medical Truck
Selects Prepared Positions
Construct Panzerarmee Kommand
le.IG 18 Mechanized Group
TAC
清贫入繁华
Dudulu
astrostorm
R19
nhk6107
袅炸天
JT
0
0
Comments
sign in to comment!
No comments posted yet!